 Dungeon Crawl Stone Soup version 0.27.1-33-g824d729ab1 (webtiles) character file.

Game seed: 4462650232158629369

4335 SensoryNuts the Cudgeller (level 10, -4/76 HPs)
             Began as a Demonspawn Fighter on Dec 10, 2021.
             Was an Initiate of Gozag.
             Slain by a yak (10 damage)
             ... on level 11 of the Dungeon.
             The game lasted 00:16:26 (6036 turns).

SensoryNuts the Cudgeller (Demonspawn Fighter)      Turns: 6036, Time: 00:16:26

Health: -4/76      AC: 14    Str: 21    XL:     10   Next: 12%
Magic:  10/10      EV: 11    Int: 15    God:    Gozag
Gold:   412        SH:  0    Dex: 12    Spells: 9/9 levels left

rFire    + + .     SeeInvis .   i - +4 battleaxe (venom)
rCold    x . .     Faith    .   (shield currently unavailable)
rNeg     . . .     Spirit   .   m - +3 scale mail {rF+}
rPois    .         Reflect  .   (no helmet)
rElec    .         Harm     .   (no cloak)
rCorr    +         Rampage  .   (no gloves)
Will     .....                  (no boots)
Stlth    ..........             l - amulet of regeneration
HPRegen  2.22/turn              f - +6 ring of intelligence
MPRegen  0.12/turn              k - ring of fire

@: gold aura, studying Hexes
A: claws 2, yellow scales 3, powered by death 1, demonic magic 2
a: Renounce Religion, Potion Petition, Call Merchant, Bribe Branch


You were on level 11 of the Dungeon.
You worshipped Gozag.
Gozag was aware of your devotion.
You visited 2 branches of the dungeon, and saw 12 of its levels.

You collected 548 gold pieces.
You paid 136 gold pieces to Gozag.

Inventory:

Hand Weapons
 a - a +1 long sword of chaos
 i - a +4 battleaxe of venom (weapon)
 j - a +2 flail of protection
 n - a +0 club
Armour
 b - a +0 scale mail
 c - a +0 kite shield
 h - a +0 chain mail
 m - a +3 scale mail of fire resistance (worn)
Jewellery
 f - a +6 ring of intelligence (left claw)
 g - a ring of wizardry
 k - a ring of fire (right claw)
 l - an amulet of regeneration (around neck)
 r - a +6 ring of intelligence
Wands
 p - a wand of mindburst (18)
Scrolls
 d - 2 scrolls of identify
 e - a scroll of amnesia {unknown}
Potions
 o - a potion of brilliance
 q - a potion of resistance {unknown}


   Skills:
 + Level 6.1 Fighting
 + Level 4.3 Long Blades
 * Level 4.5(6.3) Axes
 - Level 6.7(7.4) Maces & Flails
 + Level 6.3 Armour
 + Level 3.8 Dodging
 + Level 0.9 Stealth
 - Level 5.3 Shields


You had 9 spell levels left.
You didn't know any spells.
Your spell library contained the following spells:

 Spells                   Type           Power      Damage    Failure   Level
 Beastly Appendage        Tmut           0%         N/A       56%         1
 Corona                   Hex            0%         N/A       56%         1
 Ensorcelled Hibernation  Hex/Ice        0%         N/A       71%         2
 Wereblood                Tmut           0%         N/A       71%         2
 Spider Form              Tmut/Pois      0%         N/A       90%         3
 Tukima's Dance           Hex            0%         N/A       90%         3
 Hailstorm                Conj/Ice       0%         3d3       100%        4
 Ice Form                 Ice/Tmut       0%         N/A       100%        4
 Simulacrum               Ice/Necr       0%         N/A       100%        6


Dungeon Overview and Level Annotations

Branches:
Dungeon (11/15)            Temple (1/1) D:7            Lair (0/6) D:9
    Orc: D:9-12

Altars:
Ashenzari
Cheibriados
Dithmenos
Elyvilon
Fedhas
Gozag
Hepliaklqana
Kikubaaqudgha
Makhleb
Nemelex Xobeh
Okawaru
Qazlal
Ru
Sif Muna
Trog
Uskayaw
Vehumet
Wu Jian
Xom
Yredelemnul
Zin
The Shining One

Annotations:
D:3 3 runed translucent doors, zeram's ghost, weakling TrSu
Temple Prince Ribbit


Innate Abilities, Weirdness & Mutations

You have very sharp fingernails.
You are completely covered in yellow scales. (AC +4, rCorr)
You regenerate a little health from kills.
Spells you cast may paralyse nearby enemies.


Message History

You climb upwards.
The centaur wields a +0 shortbow.
The centaur shoots an arrow.
The arrow hits you but does no damage.
The orc shouts repeatedly, as Orcs often do.
The centaur shoots an arrow.
The arrow hits you.
There is a stone staircase leading down here.
The cyclops hits you!
You climb downwards.
The yak closely misses you.
There is a stone staircase leading up here.
You barely miss the yak. You hit the cyclops but do no damage.
The cyclops is poisoned.
You barely miss the yak. The yak gores you.
The yak gores you but does no damage. The cyclops hits you! The yak gores you.
The yak barely misses you.
You slash the yak!
The yak is moderately wounded.
You closely miss the yak. You hit the yak.
The yak is poisoned.
You slash the cyclops!
The cyclops looks as sick as possible!
The yak barely misses you. The yak gores you but does no damage.
The yak closely misses you. The cyclops barely misses you. The yak gores you.
You hit the yak.
The yak is poisoned.
The yak is moderately wounded.
You slash the yak!
The yak looks as sick as possible!
You slash the yak!
The yak looks as sick as possible!
You hit the cyclops but do no damage. The yak gores you but does no damage.
The yak closely misses you. The yak gores you but does no damage.
The cyclops hits you!!
* * * LOW HITPOINT WARNING * * *
Okay, then.
You slash the yak!
The yak looks as sick as possible!
The yak is heavily wounded.
You slash the yak!
The yak looks as sick as possible!
You barely miss the yak. You barely miss the cyclops.
You kill the yak!
The yak gores you!
* * * LOW HITPOINT WARNING * * *
The yak gores you!
* * * LOW HITPOINT WARNING * * *
The cyclops barely misses you. The yak gores you.
* * * LOW HITPOINT WARNING * * *
The yak gores you but does no damage. The yak gores you!
You die...
Your body crumbles into a pile of gold.

######
....#
#.Y# #Y@#
#YC#
...Y#
......#
........#
######..#
#..# #..#


You could see a cyclops (very poisoned) and 4 yaks.

Vanquished Creatures
  A komodo dragon (D:9)
  A wyvern (D:8)
  10 yaks
  Edmund (D:4)
  A water moccasin (D:9)
  A hornet zombie (D:9)
  A black bear (D:9)
  3 orc warriors
  A sky beast (D:5)
  2 ogres (D:5)
  A centaur (D:5)
  A kobold brigand (Temple)
  4 bullfrogs
  2 scorpions
  A wyvern skeleton (D:6)
  A water moccasin skeleton (D:5)
  4 killer bees
  4 wights (D:9)
  A centaur zombie (D:5)
  2 jellies
  5 orc priests
  A bullfrog skeleton (D:5)
  2 hounds (D:4)
  2 orc wizards (D:6)
  A hound skeleton (D:5)
  Robin (D:4)
  3 gnolls (D:4)
  4 adders
  A shadow imp (D:5)
  3 worms
  A dart slug (D:2)
  25 orcs
  4 endoplasms
  4 giant cockroaches
  12 hobgoblins
  6 kobolds
  3 quokkas
  5 ball pythons
  5 bats
  5 frilled lizards
  14 goblins
  6 rats
156 creatures vanquished.

Vanquished Creatures (others)
  A bush (D:5)
  49 fungi (D:9)
  57 plants
107 creatures vanquished.

Grand Total: 263 creatures vanquished

Notes
Turn   | Place    | Note
-------+----------+-------------------------------------------
     0 | D:1      | SensoryNuts the Demonspawn Fighter began the quest for the
                  | Orb.
     0 | D:1      | Reached XP level 1. HP: 18/18 MP: 1/1
   158 | D:1      | Gained mutation: Spells you cast may paralyse adjacent
                  | enemies. [demonic ancestry]
   158 | D:1      | Reached XP level 2. HP: 9/24 MP: 2/2
   912 | D:1      | HP: 1/24 [worm (7)]
  1206 | D:2      | Found a broken altar of Ashenzari.
  1213 | D:2      | Gained mutation: You are partially covered in yellow
                  | scales. (AC +2) [demonic ancestry]
  1213 | D:2      | Reached XP level 3. HP: 11/29 MP: 3/3
  1216 | D:2      | Noticed a scorpion
  1239 | D:2      | Killed a scorpion
  1240 | D:2      | Gained mutation: You are mostly covered in yellow scales.
                  | (AC +3) [demonic ancestry]
  1240 | D:2      | Reached XP level 4. HP: 33/35 MP: 4/4
  1577 | D:2      | Gained mutation: You have sharp fingernails. [demonic
                  | ancestry]
  1577 | D:2      | Reached XP level 5. HP: 27/41 MP: 5/5
  2581 | D:3      | Reached skill level 1 in Dodging
  2776 | D:3      | Noticed zeram's ghost (weakling TrSu)
  2781 | D:3      | Found a runed translucent gate.
  2781 | D:3      | Found a runed translucent gate.
  2781 | D:3      | Found a runed translucent gate.
  2852 | D:4      | Noticed Edmund
  2931 | D:4      | Gained mutation: You regenerate a little health from kills.
                  | [demonic ancestry]
  2931 | D:4      | Reached XP level 6. HP: 41/47 MP: 6/6
  2971 | D:4      | Noticed Robin
  3010 | D:4      | Killed Robin
  3238 | D:4      | Killed Edmund
  3439 | D:5      | Entered Level 5 of the Dungeon
  3442 | D:5      | Noticed a yak
  3442 | D:5      | Noticed a yak
  3442 | D:5      | Noticed a yak
  3443 | D:5      | Noticed a yak
  3444 | D:5      | Noticed a yak
  3444 | D:5      | Noticed a yak
  3487 | D:5      | Killed a yak
  3488 | D:5      | Gained mutation: You have very sharp fingernails. [demonic
                  | ancestry]
  3488 | D:5      | Reached XP level 7. HP: 54/54 MP: 7/7
  3505 | D:5      | Killed a yak
  3506 | D:5      | Reached skill level 1 in Maces & Flails
  3512 | D:5      | Killed a yak
  3531 | D:5      | Killed a yak
  3532 | D:5      | Gained mutation: You are completely covered in yellow
                  | scales. (AC +4, rCorr) [demonic ancestry]
  3532 | D:5      | Reached XP level 8. HP: 23/61 MP: 8/8
  3559 | D:5      | Reached skill level 5 in Armour
  3686 | D:5      | Reached skill level 5 in Fighting
  3787 | D:5      | Reached skill level 5 in Maces & Flails
  3852 | D:5      | Found a snail-covered altar of Cheibriados.
  4579 | D:6      | Reached XP level 9. HP: 54/68 MP: 9/9
  4672 | D:6      | Noticed Prince Ribbit
  4672 | D:6      | Noticed a two-headed ogre
  4722 | D:7      | Found a staircase to the Ecumenical Temple.
  4734 | Temple   | Entered the Ecumenical Temple
  4764 | Temple   | Reached skill level 5 in Shields
  5051 | Temple   | Became a worshipper of Gozag Ym Sagoz the Greedy
  5145 | D:7      | You fall into a shaft and drop 1 floor!
  5213 | D:8      | Noticed a centaur warrior
  5215 | D:8      | Noticed a tengu conjurer
  5531 | D:9      | Reached skill level 1 in Axes
  5543 | D:9      | Noticed a komodo dragon
  5588 | D:9      | Killed a komodo dragon
  5703 | D:9      | Found a staircase to the Lair.
  5731 | D:9      | Gained mutation: Spells you cast may paralyse nearby
                  | enemies. [demonic ancestry]
  5731 | D:9      | Reached XP level 10. HP: 41/76 MP: 10/10
  5984 | D:10     | Entered Level 10 of the Dungeon
  6027 | D:11     | Noticed a cyclops
  6036 | D:11     | Slain by a yak

Illustrated notes

Levels and vault maps discovered:
D:1:      eino_arrival_cavern_d, layout_loops_ring, serial_bayou_pond_b
D:2:      layout_rooms, st_stairs_6, minmay_hexomino_r4
D:3:      layout_basic, gammafunk_ghost_split
D:4:      layout_loops_cross, minmay_misc_feat_ornament, uniq_menkaure,
          uniq_robin, uniq_edmund
D:5:      layout_basic, cheibriados_altar_1, kb_lookout_dungeons_type,
          minmay_manual_monstrance
D:6:      layout_basic, uniq_prince_ribbit1
D:7:      layout_basic, minmay_temple_entry_statues_fountains,
          uniq_crazy_yiuf_cottage
D:8:      minmay_inner_zag, layout_basic, minmay_radiant
D:9:      layout_long_grid, due_lair_maze_entry_diamond, special_room
          [special_room_kobold]
D:10:     layout_roguey, orc_0_dummy, special_room [special_room_orc],
          uniq_harold
D:11:     layout_long_grid
Temple:   compressed_dpeg_triangle_lava_temple

Skill      XL: |  1  2  3  4  5  6  7  8  9 |
---------------+----------------------------+-----
Armour         | 3 4 5 6 |  6.3
Long Blades    | 2 3 4 |  4.3
Shields        | 3 4 5 |  5.3
Dodging        | 1 2 3 |  3.8
Fighting       | 4 5 6 |  6.1
Maces & Flails | 3 5 6 |  6.7
Axes           | 4 |  4.5
Stealth        | |  0.9

Action                   |  1- 3 |  4- 6 |  7- 9 | 10-12 || total
-------------------------+-------+-------+-------+-------++-------
Melee: Long sword        |    67 |   328 |       |       ||   395
       Flail             |       |    24 |   332 |       ||   356
       Battleaxe         |       |       |    59 |    21 ||    80
  Use: Potion            |     3 |     4 |     2 |       ||     9
       Scroll            |     1 |     4 |     4 |       ||     9
Armor: Scale mail        |    42 |    35 |   256 |    35 ||   368
       Chain mail        |       |   232 |       |       ||   232
       Skin              |       |    24 |       |       ||    24
Dodge: Dodged            |    23 |    83 |   181 |    54 ||   341
Block: Kite shield       |    36 |   202 |   261 |       ||   499
       Rpst.: Long sword |    11 |    29 |       |       ||    40
